 Dungeon Crawl Stone Soup version 0.20.0 (webtiles) character file.

254 MatthieuS the Shooter (level 5, 0/41 HPs)
             Began as a Centaur Arcane Marksman on June 5, 2017.
             Slain by a gnoll
             ... wielding a +0 spear
              (5 damage)
             ... on level 4 of the Dungeon.
             The game lasted 00:13:21 (4333 turns).

MatthieuS the Shooter (Centaur Arcane Marksman)     Turns: 4333, Time: 00:13:22

Health: 0/41       AC: 11    Str: 10    XL:     5   Next: 91%
Magic:  6/7        EV:  9    Int: 12    God:
Gold:   91         SH:  0    Dex: 11    Spells: 4/7 levels left

rFire    . . .     SeeInvis .   w - +0 shortbow
rCold    . . .     Gourm    .   (shield currently unavailable)
rNeg     . . .     Faith    .   t - +2 leather armour
rPois    +         Spirit   .   (no helmet)
rElec    .         Reflect  .   i - +0 cloak (curse)
rCorr    .         Harm     .   (no gloves)
MR       +....                  (no barding)
Stlth    +.........             (no amulet)
Regen    0.2/turn               h - ring of protection from magic
MPRegen  0.1/turn               l - +4 ring of protection

@: very quick
A: hooves 3, deformed body, speed 2, mutation resistance 1, poison resistance,
tough skin 3, weak 1
a: no special abilities


You were on level 4 of the Dungeon.
You were not hungry.

You visited 1 branch of the dungeon, and saw 4 of its levels.

You collected 91 gold pieces.

Inventory:

Hand Weapons
 a - a +0 dagger
 w - a +0 shortbow (weapon)
Missiles
 f - 3 arrows (quivered)
Armour
 e - a +0 robe
 i - a cursed +0 cloak (worn)
 t - a +2 leather armour (worn)
Jewellery
 h - a ring of protection from magic (left hand)
 j - an uncursed ring of see invisible
 l - a +4 ring of protection (right hand)
Scrolls
 g - 5 scrolls of remove curse
 m - 2 scrolls of identify
 n - a scroll of amnesia {unknown}
 o - a scroll of random uselessness {unknown}
 p - a scroll of teleportation
 r - a scroll of fog {unknown}
 u - 2 scrolls of recharging {unknown}
Potions
 b - 2 potions of lignification
 k - a potion of haste {unknown}
 q - a potion of curing
Books
 c - a book of Debilitation

   Spells                             Type                      Level
   a - Corona                         Hexes                        1
   b - Slow                           Hexes                        2
   c - Inner Flame                    Hexes/Fire                   3
   d - Portal Projectile              Hexes/Translocation          3
   e - Cause Fear                     Hexes                        4
   f - Leda's Liquefaction            Hexes/Earth                  4
Comestibles
 d - 3 chunks of flesh
 s - a meat ration


   Skills:
 + Level 1.9 Fighting
 + Level 1.3 Short Blades
 + Level 4.6 Bows
 + Level 0.9 Armour
 + Level 2.2 Dodging
 + Level 0.2 Stealth
 + Level 1.7 Spellcasting
 + Level 3.5 Hexes


You had 4 spell levels left.
You knew the following spells:

 Your Spells              Type           Power        Failure   Level  Hunger
a - Corona                Hex            #......      9%          1    ##.....
b - Slow                  Hex            #.......     14%         2    ###....


Dungeon Overview and Level Annotations

Branches:
Dungeon (4/15)
 Temple: D:4-7

Altars:
Gozag
Qazlal
Ru


Innate Abilities, Weirdness & Mutations

You have hooves in place of feet.
Armour fits poorly on your strangely shaped body.
You cover ground very quickly.
You have extremely tough skin. (AC +3)
You are somewhat resistant to further mutation.
Your system is resistant to poisons. (rPois)
You are weak. (Str -2)


Message History

Firing (i - inventory):
f - 6 arrows (quivered)
Press: ? - help, Shift-Dir - straight line, f/p - gnoll
Aim: a gnoll, wielding a spear (lightly wounded)
You shoot an arrow. The arrow barely misses the gnoll.
The gnoll hits you from afar with a spear.
Firing (i - inventory):
f - 5 arrows (quivered)
Press: ? - help, Shift-Dir - straight line, f/p - gnoll
Aim: a gnoll, wielding a spear (lightly wounded)
You shoot an arrow.
The arrow hits the gnoll but does no damage.
The gnoll is lightly wounded.
The gnoll hits you from afar with a spear!
* * * LOW HITPOINT WARNING * * *
Firing (i - inventory):
f - 4 arrows (quivered)
Press: ? - help, Shift-Dir - straight line, f/p - gnoll
Aim: a gnoll, wielding a spear (lightly wounded)
You shoot an arrow. The arrow hits the gnoll.
The gnoll is lightly wounded.
The gnoll hits you from afar with a spear.
You die...

#
#.#############
#?..@(g((.(>..#
#############.#
..#.# #.#.#
#.#Z# ####
#.#g####
.>...#.#g...###
..g.Z..#....'.#.
#g.......#.#.


You could see a gnoll.

Vanquished Creatures
  A hound (D:4)
  A bullfrog skeleton (D:4)
  Crazy Yiuf (D:2)
  A hound skeleton (D:4)
  2 gnolls (D:4)
  3 adders
  An ooze (D:1)
  An adder skeleton (D:4)
  A worm (D:3)
  2 dart slugs (D:1)
  2 leopard geckos
  5 orcs (D:3)
  7 bats
  5 giant cockroaches
  8 goblins
  11 hobgoblins
  3 jackals (D:1)
  8 kobolds
  2 quokkas
  4 ball pythons
  7 frilled lizards
  10 rats
86 creatures vanquished.

Notes
Turn   | Place    | Note
-------+----------+-------------------------------------------
     0 | D:1      | MatthieuS the Centaur Arcane Marksman began the quest for the Orb.
     0 | D:1      | Reached XP level 1. HP: 16/16 MP: 2/2
    87 | D:1      | Reached skill level 3 in Bows
   239 | D:1      | Reached XP level 2. HP: 23/23 MP: 3/3
   889 | D:1      | Learned a level 2 spell: Slow
   908 | D:1      | Reached XP level 3. HP: 28/28 MP: 4/4
  1527 | D:2      | Reached XP level 4. HP: 16/35 MP: 2/5
  1771 | D:2      | Found a runed door.
  1776 | D:2      | Noticed Crazy Yiuf
  1802 | D:2      | HP: 2/52 [poisoned by Crazy Yiuf]
  1807 | D:2      | Gained mutation: Your system is resistant to poisons. (rPois) [potion of mutation]
  1807 | D:2      | Gained mutation: You are weak. (Str -2) [potion of mutation]
  1807 | D:2      | Gained mutation: You are somewhat resistant to further mutation. [potion of mutation]
  1829 | D:2      | Killed Crazy Yiuf
  1829 | D:2      | Reached skill level 4 in Bows
  2466 | D:3      | Reached skill level 1 in Short Blades
  2872 | D:3      | Reached XP level 5. HP: 17/41 MP: 5/7
  3067 | D:3      | Found a sacrificial altar of Ru.
  3073 | D:3      | Found a stormy altar of Qazlal.
  3073 | D:3      | Found an opulent altar of Gozag.
  3452 | D:3      | Found a faded altar of an unknown god.
  4333 | D:4      | Slain by a gnoll

Skill      XL: |  1  2  3  4 |
---------------+-------------+-----
Bows           | 3 4 |  4.6
Hexes          | 3 |  3.5
Dodging        | 2 |  2.2
Short Blades   | 1 |  1.3
Fighting       | |  1.9
Armour         | |  0.9
Stealth        | |  0.2
Spellcasting   | |  1.7

Action                   |  1- 3 |  4- 6 || total
-------------------------+-------+-------++-------
Melee: Dagger            |    77 |   212 ||   289
       Kick              |    15 |    29 ||    44
       Shortbow          |     1 |       ||     1
 Fire: Shortbow          |    57 |    78 ||   135
 Cast: Corona            |    11 |    11 ||    22
       Slow              |       |     7 ||     7
  Use: Scroll            |     2 |     4 ||     6
       Potion            |       |     8 ||     8
  Eat: Chunk             |     1 |     5 ||     6
       Bread ration      |       |     1 ||     1
Armor: Robe              |    28 |       ||    28
       Leather armour    |    10 |    72 ||    82
       Skin              |       |    19 ||    19
Dodge: Dodged            |    46 |    94 ||   140
